 Dungeon Crawl Stone Soup version 0.28.0-53-g5a82cb258f (console) character file.

Game seed: 5297133947788907421

14 erker the Sneak (level 2, -1/18 HPs)
             Began as an Octopode Transmuter on July 11, 2022.
             Shot with a stone by a goblin (6 damage)
             ... on level 2 of the Dungeon.
             The game lasted 00:02:01 (1219 turns).

erker the Sneak (Octopode Transmuter)               Turns: 1219, Time: 00:02:02

Health: -1/18      AC:  1    Str:  9    XL:     2   Next: 45%
Magic:  4/5        EV: 13    Int: 15    God:
Gold:   10         SH:  0    Dex: 12    Spells: 4/5 levels left

rFire   . . .      SeeInvis .     - Unarmed
rCold   . . .      Faith    .   (no shield)
rNeg    . . .      Spirit   .   (helmet currently unavailable)
rPois   .          Reflect  .   (no amulet)
rElec   .          Harm     .   (no ring)
rCorr   .          Rampage  .   (no ring)
Will    .....                   (no ring)
Stlth   +++.......              (no ring)
HPRegen 0.06/turn               (no ring)
MPRegen 0.09/turn               (no ring)
                                (no ring)
                                (no ring)

@: appendages
A: tentacle spike 3, almost no armour, amphibious, 8 rings, camouflage 1,
gelatinous body 1, (nimble swimmer 1), tentacles
a: End Transformation


You were on level 2 of the Dungeon.
One of your tentacles had grown a beastly spike.
You visited 1 branch of the dungeon, and saw 2 of its levels.

You collected 10 gold pieces.

Inventory:

Missiles
 g - 8 poisoned darts
 h - 22 stones
 i - 18 bolts
Scrolls
 d - a scroll of blinking {unknown}
 e - a scroll of identify {unknown}
Potions
 a - a potion of berserk rage {unknown}
 b - a potion of might {unknown}
 c - a potion of resistance {unknown}
 f - a potion of heal wounds {unknown}


   Skills:
 - Level 1.0 Fighting
 - Level 2.0 Dodging
 + Level 3.1 Stealth
 - Level 3.0 Unarmed Combat
 - Level 2.0 Spellcasting
 - Level 2.0 Transmutations


You had 4 spell levels left.
You knew the following spells:

 Your Spells              Type           Power      Damage    Failure   Level
a - Beastly Appendage     Tmut           14%        N/A       10%         1

Your spell library contained the following spells:

 Spells                   Type           Power      Damage    Failure   Level
 Wereblood                Tmut           7%         N/A       14%         2
 Spider Form              Tmut/Pois      4%         N/A       41%         3
 Ice Form                 Ice/Tmut       4%         N/A       82%         4


Dungeon Overview and Level Annotations

Branches:
Dungeon (2/15)

Altars:


Innate Abilities, Weirdness & Mutations

One of your tentacles has grown a beastly spike.
You cannot wear most types of armour.
You are amphibious.
You can wear up to eight rings at the same time.
Your skin changes colour to match your surroundings (Stealth+).
Your rubbery body absorbs attacks. (AC +1, EV +1)
((You are camouflaged when in or above water. (Stealth+)))
You have tentacles for arms and can constrict up to eight enemies at once.


Message History

A quokka is nearby!
A goblin comes into view. It is wielding a +0 dagger.
The helpless quokka fails to defend itself.
You tentacle-slap the quokka. Your grab misses the quokka.
The quokka is heavily wounded.
The quokka closely misses you.
You tentacle-slap the quokka but do no damage.
You grab the quokka.
The quokka is heavily wounded.
You constrict the quokka. The quokka barely misses you.
You tentacle-slap the quokka.
The quokka is almost dead.
You constrict the quokka, but do no damage.
The quokka bites you.
You tentacle-slap the quokka.
You kill the quokka!
There is a stone staircase leading up here.
Casting: Beastly Appendage (safe; 10% risk of failure)
Confirm with . or Enter, or press ? or * to list all spells.
One of your tentacles grows a vicious spike.
You start resting.
Your transformation is almost over.
Magic restored.
You start resting.
Your tentacle spike disappears.
HP restored.
Casting: Beastly Appendage (safe; 10% risk of failure)
Confirm with . or Enter, or press ? or * to list all spells.
One of your tentacles grows a vicious spike.
The goblin shouts!
The goblin unwields a +0 dagger.
The goblin wields a +0 hunting sling.
The goblin shoots a stone.
The stone hits you.
The goblin shoots a stone.
The stone hits you.
The goblin shoots a stone.
The stone closely misses you.
The goblin shoots a stone.
The stone hits you!
* * * LOW HITPOINT WARNING * * *
You are too injured to fight recklessly!
You are too injured to fight recklessly!
The goblin shoots a stone.
The stone hits you.
You die...

# ###.## ###.....§
##..g≈§≈≈≈ .
####.@≈≈≈≈≈≈#
#..###....≈≈§#####
.........≈≈≈≈#
...##...≈§§§#
#..≈≈§§§#
#..######
#........
#<.######
#..≈§§≈≈#


You could see a goblin.

Vanquished Creatures
  4 ball pythons (D:1)
  An endoplasm (D:1)
  A hobgoblin (D:1)
  2 quokkas
  A bat (D:1)
  A frilled lizard (D:1)
  3 kobolds (D:1)
  2 rats (D:1)
15 creatures vanquished.

Notes
Turn   | Place    | Note
-------+----------+-------------------------------------------
     0 | D:1      | erker the Octopode Transmuter began the quest for the Orb.
     0 | D:1      | Reached XP level 1. HP: 13/13 MP: 3/3
    19 | D:1      | Found a faded altar of an unknown god.
   188 | D:1      | Reached skill level 1 in Stealth
   492 | D:1      | Reached XP level 2. HP: 18/18 MP: 3/5
  1219 | D:2      | Shot with a stone by a goblin

Illustrated notes

Levels and vault maps discovered:
D:1:      amcnicky_arrival_wind_blow, layout_basic,
          hellmonk_ecumenical_altar_pennies_from_heaven,
          minmay_misc_feat_columns, minmay_misc_feat_alley, bh_walls_and_bars
D:2:      layout_loops_ring, grunt_decor_junction, st_stairs_10, fountainhead,
          kennysheep_nub, minmay_misc_feat_tiny

Skill      XL: |  1  2 |
---------------+-------+-----
Stealth        | 2 3 |  3.1
Fighting       | |  1.0
Dodging        | |  2.0
Unarmed Combat | |  3.0
Spellcasting   | |  2.0
Transmutations | |  2.0

Action                   || total
-------------------------++-------
Melee: Unarmed           ||    29
       Kick              ||     5
       Constrict         ||     6
       Tentacles         ||     4
       Punch             ||     1
 Cast: Beastly Appendage ||    17
 Stab: Sleeping          ||     5
Armor: Skin              ||     1
Dodge: Dodged            ||     9
